 Dungeon Crawl Stone Soup version 0.29.1-1-gd02db6906a (webtiles) character file.

Game seed: 15465990768642827716

119 LabCoat the Chopper (level 5, -4/46 HPs)
             Began as a Hill Orc Fighter on Oct 2, 2022.
             Killed by nerve-wracking pain
             ... invoked by Grinder
              (13 damage)
             ... while paralysed by Grinder
             ... on level 3 of the Dungeon.
             The game lasted 00:08:47 (2270 turns).

LabCoat the Chopper (Hill Orc Fighter)              Turns: 2270, Time: 00:08:48

Health: -4/46      AC: 10    Str: 21    XL:     5   Next: 3%
Magic:  5/5        EV:  2    Int:  8    God:
Gold:   105        SH:  0    Dex: 16    Spells: 4/4 levels left

rFire   . . .      SeeInvis .   a - +0 war axe
rCold   . . .      Faith    .   c - +0 buckler
rNeg    . . .      Spirit   .   b - +0 scale mail
rPois   .          Reflect  .   (no helmet)
rElec   .          Harm     .   i - +1 cloak
rCorr   .          Rampage  .   (no gloves)
Will    .....                   h - +0 pair of boots
Stlth   ..........              (no amulet)
HPRegen 0.15/turn               l - +6 ring of dexterity
MPRegen 0.09/turn               (no ring)

@: paralysed, studying Spellcasting
A: no striking features
a: no special abilities


You were on level 3 of the Dungeon.
You visited 1 branch of the dungeon, and saw 3 of its levels.

You collected 105 gold pieces.

Inventory:

Hand Weapons
 a - a +0 war axe (weapon)
 o - a +0 morningstar
Missiles
 f - 9 poisoned darts (quivered)
 m - a throwing net
Armour
 b - a +0 scale mail (worn)
 c - a +0 buckler (worn)
 h - a +0 pair of boots (worn)
 i - a +1 cloak (worn)
Jewellery
 l - a +6 ring of dexterity (left hand)
Scrolls
 g - a scroll of identify {unknown}
 k - a scroll of blinking
 n - a scroll of torment {unknown}
 p - 2 scrolls of poison {unknown}
 r - a scroll of fear
Potions
 d - 5 potions of might
 e - 2 potions of curing {unknown}
 j - 3 potions of invisibility {unknown}
 q - a potion of haste {unknown}
 s - a potion of berserk rage {unknown}


   Skills:
 + Level 4.1 Fighting
 * Level 4.2 Axes
 + Level 1.2 Throwing
 + Level 3.8 Armour
 + Level 3.8 Shields
 + Level 1.2 Evocations


You had 4 spell levels left.
You didn't know any spells.
Your spell library contained the following spells:

 Spells                   Type           Power      Damage    Failure   Level
 Frozen Ramparts          Ice            0%         1d1       99%         3
 Ice Form                 Ice/Tmut       0%         N/A       100%        4
 Summon Ice Beast         Ice/Summ       0%         N/A       100%        4
 Fireball                 Conj/Fire      0%         3d3       100%        5
 Starburst                Conj/Fire      0%         6d3       100%        6
 Ignition                 Fire           0%         3d3       100%        8


Dungeon Overview and Level Annotations

Branches:
Dungeon (3/15)

Altars:

Annotations:
D:3 Grinder


Message History

Grinder is heavily wounded.
You block Grinder's attack. Grinder gestures at you.
You resist with significant effort.
You barely miss Grinder.
Grinder is heavily wounded.
Grinder hits you but does no damage.
You hit Grinder.
Grinder is heavily wounded.
You block Grinder's attack.
You hit Grinder.
Grinder is severely wounded.
Grinder hits you.
You writhe in agony.
Grinder hits you.
You writhe in agony.
You are too injured to fight recklessly!
You are too injured to fight recklessly!
You are too injured to fight recklessly!
You hit Grinder but do no damage.
Grinder is severely wounded.
Grinder says, "At least Makhleb appreciates what I'm doing."
Grinder gestures at you.
You barely resist. You slash Grinder!
Grinder is almost dead.
Grinder hits you but does no damage.
You hit Grinder but do no damage.
Grinder is almost dead.
Grinder says, "Wait up."
Grinder hits you.
You hit Grinder but do no damage.
Grinder is almost dead.
Grinder gestures at you.
You suddenly lose the ability to move!
Grinder gestures at you. Pain shoots through your body!
* * * LOW HITPOINT WARNING * * *
Grinder hits you.
* * * LOW HITPOINT WARNING * * *
Grinder gestures at you. Pain shoots through your body!
You die...

.........)......
.......)########
........###.....
.#..........#
#..........#
....#.......######
..###.............
. #......########
#####...@5(...#
#...........
#.......((##
#.........#
#.........#
#.........#
#.........#
#..........


You could see Grinder.

Vanquished Creatures
  Jessica (D:3)
  2 adders
  An ufetubus (D:3)
  2 dart slugs
  5 ball pythons
  7 bats
  4 endoplasms
  4 giant cockroaches
  10 goblins
  2 hobgoblins
  7 jackals
  4 kobolds
  2 quokkas (D:1)
  2 frilled lizards (D:3)
  7 rats
60 creatures vanquished.

Notes
Turn   | Place    | Note
-------+----------+-------------------------------------------
     0 | D:1      | LabCoat the Hill Orc Fighter began the quest for the Orb.
     0 | D:1      | Reached XP level 1. HP: 19/19 MP: 1/1
    80 | D:1      | Reached XP level 2. HP: 25/27 MP: 2/2
   173 | D:1      | Found a faded altar of an unknown god.
   174 | D:1      | Noticed a great orb of eyes
   191 | D:1      | Noticed a shining eye
   195 | D:1      | Noticed a shining eye
   200 | D:1      | Noticed an eye of devastation
   585 | D:1      | Reached XP level 3. HP: 33/33 MP: 3/3
  1468 | D:2      | Reached skill level 1 in Throwing
  1468 | D:2      | Reached XP level 4. HP: 36/40 MP: 4/4
  1693 | D:2      | Reached skill level 1 in Evocations
  2219 | D:3      | Noticed Jessica
  2223 | D:3      | Killed Jessica
  2224 | D:3      | Reached XP level 5. HP: 44/46 MP: 5/5
  2244 | D:3      | Noticed Grinder
  2245 | D:3      | Paralysed by Grinder for 2 turns
  2252 | D:3      | Paralysed by Grinder for 2 turns
  2268 | D:3      | Paralysed by Grinder for 3 turns
  2270 | D:3      | Killed from afar by Grinder

Illustrated notes

Levels and vault maps discovered:
D:1:      psy_arrival_radial02, layout_basic,
          hellmonk_ecumenical_altar_watching_god, dk_noncrumbling_4
D:2:      minmay_general_purpose_star, layout_loops_ring
D:3:      wad_crossroads, layout_basic, kennysheep_generic_room_9, uniq_grinder,
          uniq_jessica

Skill      XL: |  1  2  3  4 |
---------------+-------------+-----
Axes           | 3 4 |  4.2
Fighting       | 4 |  4.1
Throwing       | 1 |  1.2
Evocations     | 1 |  1.2
Armour         | |  3.8
Shields        | |  3.8

Action                   |  1- 3 |  4- 6 || total
-------------------------+-------+-------++-------
Melee: War axe           |   107 |    57 ||   164
Throw: Dart              |    13 |     9 ||    22
  Use: Scroll            |       |     2 ||     2
Armor: Scale mail        |    66 |    22 ||    88
Dodge: Dodged            |    61 |    24 ||    85
Block: Buckler           |    22 |    18 ||    40
